[Event "*** SCC Grand Prix: Titled Tuesday Blitz"]
[Site "Chess.com"]
[Date "2020.07.14"]
[Round "4"]
[White "Mischuk_D"]
[Black "AryanTari"]
[Result "0-1"]
[WhiteElo "2640"]
[BlackElo "2876"]
[TimeControl "180+1"]
[EndTime "10:39:51 PDT"]
[Termination "AryanTari won by checkmate"]

1. e4 c6 2. Nc3 d5 3. Nf3 dxe4 4. Nxe4 Nf6 5. Qe2 Nxe4 6. Qxe4 Qd5 7. Qh4 Qe6+ 8. Be2 Qg4 9. Qg3 Qxg3 10. hxg3 g6 11. c3 Bg7 12. d4 h5 13. Bf4 Nd7 14. O-O-O Nf6 15. Bc4 O-O 16. Rde1 Re8 17. Bg5 Bf5 18.
Re2 a5 19. Rhe1 b5 20. Bxf6 Bxf6 21. Bb3 a4 22. Bc2 Bg4 23. a3 Rec8 24. Be4 Rab8 25.
Kc2 c5 26. dxc5 Rxc5 27. Rd2 b4 28. axb4 Rxb4 29. Kd1 Rb8 30. Re3 Bg5 31. Red3 Bxd2 32. Rxd2 a3 33. bxa3 Rxc3 34. Ra2 Rd8+ 35. Ke2 Be6 36.
Ra1 f5 37. Bb7 Rb8 38. Ba6 Rb2+ 39. Ke1 Bd5 40. a4 Kg7 41. a5 Rcb3 42. Nd2 Rb4 43. Be2 Rd4 44. Nf3 Re4 45. Ng1 Bc4 46. a6 Bxe2 47.
a7 Bc4+ 48. Kd1 Bb3+ 49. Kc1 Rc2+ 50. Kb1 Re1# 0-1

[Event "*** SCC Grand Prix: Titled Tuesday Blitz"]
[Site "Chess.com"]
[Date "2020.07.14"]
[Round "4"]
[White "VovenRogel"]
[Black "Chess_Boxer123"]
[Result "1-0"]
[WhiteElo "2730"]
[BlackElo "2577"]
[TimeControl "180+1"]
[EndTime "10:39:51 PDT"]
[Termination "VovenRogel won by resignation"]

1. d4 d5 2. c4 c6 3. cxd5 cxd5 4.
Nc3 Nf6 5. Bf4 Nc6 6. e3 a6 7.
Bd3 Bg4 8. Nge2 e6 9. h3 Bh5 10. O-O Bd6 11. Qd2 O-O 12. Rac1 Bg6 13. Bxd6 Qxd6 14.
Nf4 Bxd3 15. Nxd3 Nd7 16. Na4 b6 17. Rc2 Rfc8 18. Rfc1 Ne7 19. Qb4 Qxb4 20. Nxb4 a5 21. Nc6 Kf8 22. Nxe7 Rxc2 23. Rxc2 Kxe7 24. Rc7 Rb8 25. Rc6 Rb7 26. Kf1 b5 27. Nc5 Nxc5 28.
Rxc5 Kd7 29. Ke1 Kd6 30. Kd2 e5 31. Kd3 e4+ 32. Kd2 f5 33. h4 g6 34. Rc8 Rc7 35.
Ra8 a4 36. b3 axb3 37. axb3 Kc6 38. Ra6+ Kb7 39. Rd6 Rc6 40. Rxd5 Kb6 41. h5 gxh5 42. Rxf5 Rg6 43. g3 Ka5 44. Rxh5 Kb4 45. Ke2 Kxb3 46. Rxb5+ Kc4 47. Re5 1-0

[Event "*** SCC Grand Prix: Titled Tuesday Blitz"]
[Site "Chess.com"]
[Date "2020.07.14"]
[Round "4"]
[White "JonahWillow"]
[Black "ChessicallyInclined"]
[Result "1/2-1/2"]
[WhiteElo "2700"]
[BlackElo "2497"]
[TimeControl "180+1"]
[EndTime "10:39:51 PDT"]
[Termination "Game drawn by repetition"]

1. e4 c5 2. Nf3 Nc6 3. d4 cxd4 4.
Nxd4 Nf6 5. Nc3 e5 6. Ndb5 d6 7. Bg5 a6 8. Na3 b5 9. Nd5 Be7 10. Bxf6 gxf6 11. c4 b4 12. Nc2 f5 13. exf5 Bxf5 14. g3 h5 15. Bg2 Rc8 16. Nce3 Be6 17. O-O h4 18. b3 Nd4 19. Nxb4 a5 20. Nbd5 Rb8 21. Nc2 Nxc2 22. Qxc2 Qd7 23. Qd2 Bh3 24. f4 hxg3 25. hxg3 Rg8 26. Qf2 Qg4 27. fxe5 Rg7 28. exd6 Qxg3 29. dxe7 Qxg2+ 30. Qxg2 Bxg2 31. Kf2 Bxd5 32.
cxd5 Kxe7 33. Rac1 Kd6 34. Rfd1 Rb6 35. Rc8 Rg5 36. Rd8+ Ke7 37. Ra8 Rb5 38. d6+ Kd7 39.
Ra7+ Kd8 40. Rxf7 Rbd5 41. Rh1 Rdf5+ 42. Rxf5 Rxf5+ 43. Ke3 Rd5 44. Rh6 Kd7 45. Ke4 Rd2 46. Ke5 Re2+ 47. Kd5 Rd2+ 48. Kc5 Rc2+ 49. Kd5 Rd2+ 50.
Ke5 Re2+ 51. Kd5 Rd2+ 1/2-1/2

[Event "*** SCC Grand Prix: Titled Tuesday Blitz"]
[Site "Chess.com"]
[Date "2020.07.14"]
[Round "4"]
[White "Savva09022009"]
[Black "Chessbard1972"]
[Result "1-0"]
[WhiteElo "2448"]
[BlackElo "2270"]
[TimeControl "180+1"]
[EndTime "10:39:51 PDT"]
[Termination "Savva09022009 won on time"]

1. d4 Nf6 2. Nc3 d5 3. Bf4 c5 4. e3 Bf5 5. f3 e6 6. g4 Bg6 7. h4 h5 8. g5 Nfd7 9. Bd3 Bxd3 10. Qxd3 cxd4 11. exd4 a6 12. O-O-O Nc6 13. g6 Bb4 14. gxf7+ Kxf7 15. Nh3 Be7 16. Rhg1 Nf8 17.
Bg5 Bf6 18. Bxf6 gxf6 19. Nf4 Ne7 20. Rde1 Qd6 21. Qe3 b5 22. Rg2 b4 23. Nd1 Nf5 24.
Qd2 Rc8 25. Reg1 Rc4 26. Ng6 Nxg6 27. Rxg6 Rxd4 28. Qg2 Qf4+ 29. Kb1 Ke7 30. Rg8 Rh7 31. Qg6 Rf7 32. Ra8 Qc7 33. Qg8 Nd6 34. Ne3 Rd2 35.
b3 d4 36. Rg7 dxe3 37. Re8+ Nxe8 38. Qxf7+ Kd6 39. Qf8+ Kc6 40. Rxc7+ Nxc7 41. Qxb4 1-0

[Event "*** SCC Grand Prix: Titled Tuesday Blitz"]
[Site "Chess.com"]
[Date "2020.07.14"]
[Round "4"]
[White "sertalzin"]
[Black "BabyBoss31"]
[Result "0-1"]
[WhiteElo "1947"]
[BlackElo "2206"]
[TimeControl "180+1"]
[EndTime "10:39:51 PDT"]
[Termination "BabyBoss31 won on time"]

1. d4 d5 2. c4 Nc6 3. cxd5 Qxd5 4. e3 e5 5. Nc3 Bb4 6. a3 Bxc3+ 7. bxc3 Nf6 8. c4 Qd6 9. d5 Nb8 10. a4 Na6 11.
Ba3 Nc5 12. Nf3 Bf5 13. Be2 Nfd7 14. O-O O-O 15. Nd2 Qg6 16. Nb3 Nxb3 17. Qxb3 Rfb8 18. Kh1 c6 19. f3 e4 20. f4 cxd5 21. cxd5 b6 22.
Rac1 Rd8 23. Rc6 Nf6 24. Bb2 Rd7 25. Rfc1 Rad8 26. Rc8 h6 27. Rxd8+ Rxd8 28. Rc6 Bg4 29. Qd1 Rxd5 30. Qxd5 Nxd5 31. Rxg6 Bxe2 32. Rxg7+ Kf8 33. Rh7 h5 34. Rh8+ Ke7 35. Ra8 Nxe3 36. Rxa7+ Ke6 37.
Rb7 Nc4 38. Bc1 e3 39. g3 Bf3+ 40. Kg1 Bxb7 0-1

[Event "*** SCC Grand Prix: Titled Tuesday Blitz"]
[Site "Chess.com"]
[Date "2020.07.14"]
[Round "4"]
[White "francyIM"]
[Black "GadimbayliA"]
[Result "0-1"]
[WhiteElo "2653"]
[BlackElo "2888"]
[TimeControl "180+1"]
[EndTime "10:39:52 PDT"]
[Termination "GadimbayliA won by resignation"]

1. d4 d5 2. c4 e5 3. dxe5 d4 4. Nf3 Nc6 5. a3 Nge7 6. b4 Ng6 7. Bb2 a5 8. b5 Ncxe5 9. Bxd4 Nxc4 10. e3 Nd6 11. Bd3 Nf5 12. Bxf5 Bxf5 13. O-O Qd7 14.
Qb3 a4 15. Qb2 f6 16. Rd1 Bd6 17. Nc3 Qe6 18. b6 c6 19. Ne2 O-O 20. Qa2 Qxa2 21. Rxa2 Rfd8 22. Rc1 Ra5 23. Nd2 Be6 24. Nc4 Bxc4 25.
Rxc4 Ne5 26. Bxe5 Bxe5 27. f4 Rd1+ 28. Kf2 Bd6 29. Nc3 Rc1 30. Rxa4 Rxa4 31. Nxa4 Rc4 32. Rd2 Bxa3 33. Rd8+ Kf7 34. Rd7+ Be7 35. Rd4 Rxd4 36.
exd4 Ke6 37. Ke3 Kd5 38. Kd3 Bb4 39. f5 h6 40. g4 c5 41. dxc5 Bxc5 42. h4 Bd4 43. h5 Be5 44. Ke3 Kc4 45. Ke4 Kb4 46. Kd5 Kxa4 47. Ke6 Kb5 48. Kf7 Bf4 49. Kxg7 Bg5 50.
Kg6 Kxb6 0-1

[Event "*** SCC Grand Prix: Titled Tuesday Blitz"]
[Site "Chess.com"]
[Date "2020.07.14"]
[Round "4"]
[White "Speshka"]
[Black "vinniethepooh"]
[Result "1-0"]
[WhiteElo "2187"]
[BlackElo "2540"]
[TimeControl "180+1"]
[EndTime "10:39:52 PDT"]
[Termination "Speshka won on time"]

1. e4 c5 2. Nf3 d6 3. d4 cxd4 4.
Nxd4 Nf6 5. Nc3 a6 6. Qd3 e5 7. Nf5 g6 8. Ne3 Be6 9. Ned5 Nxd5 10. Nxd5 Nd7 11. Be3 Bg7 12. O-O-O Nc5 13. Qa3 Rc8 14. h4 h5 15. f3 O-O 16. Be2 Rc6 17. Kb1 Qd7 18. g4 hxg4 19. h5 gxh5 20. Rxh5 f6 21. Rdh1 Rfc8 22. Bh6 Qf7 23. Bxg7 Qxg7 24. Ne7+ Qxe7 25.
Rh8+ Kg7 26. R8h7+ Kf8 27. Rxe7 Kxe7 28. fxg4 Bf7 29. g5 fxg5 30. Qg3 Ne6 31. Bg4 Rg8 32. Rh7 Nf4 33. Qh2 Rc4 34. Qh6 Rxe4 35. b3 Re1+ 36. Kb2 Rg6 37. Qh5 1-0

[Event "*** SCC Grand Prix: Titled Tuesday Blitz"]
[Site "Chess.com"]
[Date "2020.07.14"]
[Round "4"]
[White "StockholmMissile"]
[Black "Ze-Pequeno"]
[Result "1-0"]
[WhiteElo "2464"]
[BlackElo "2262"]
[TimeControl "180+1"]
[EndTime "10:39:54 PDT"]
[Termination "StockholmMissile won on time"]

1. d4 Nf6 2. c4 Nc6 3. Nf3 e6 4. a3 d6 5. g3 g6 6. Bg2 Bg7 7.
O-O O-O 8. Nc3 e5 9. e4 Re8 10. d5 Ne7 11. b4 h6 12. c5 Nh7 13. cxd6 cxd6 14. Nd2 f5 15. Nc4 a6 16. f3 f4 17. g4 h5 18. h3 Bf8 19. Bd2 Kg7 20.
Qe2 Ng8 21. Rfc1 Bd7 22. Be1 Be7 23. Bf2 hxg4 24. hxg4 Ng5 25. Bb6 Qb8 26. Na5 Bd8 27. Bf2 Nf6 28. Nc4 Rh8 29. Nb6 Bxb6 30. Bxb6 Qg8 31. Kf1 Rh2 32. Bg1 Qh7 33. a4 Rh8 34. Nd1 Qh4 35. Qf2 Qh6 36. Rc7 Kf8 37. Rxb7 Ke7 38. b5 Ngxe4 39. fxe4 Nxe4 40. Rxd7+ Kxd7 41. Qa7+ Ke8 42. Bxe4 Qh3+ 43. Ke1 Qg3+ 44. Bf2 Rh1+ 45. Kd2 Qb3 46. Rc1 1-0

[Event "*** SCC Grand Prix: Titled Tuesday Blitz"]
[Site "Chess.com"]
[Date "2020.07.14"]
[Round "4"]
[White "PlotnikovPavel"]
[Black "attack2mateU"]
[Result "1-0"]
[WhiteElo "2485"]
[BlackElo "2650"]
[TimeControl "180+1"]
[EndTime "10:39:55 PDT"]
[Termination "PlotnikovPavel won on time"]

1. e4 c5 2. c3 Nf6 3. e5 Nd5 4. d4 cxd4 5. Qxd4 e6 6. Bd3 Nc6 7. Qe4 d6 8. exd6 Bxd6 9. Nf3 h6 10. O-O Qf6 11. Re1 Nf4 12. Bxf4 Qxf4 13. Nbd2 Qxe4 14.
Nxe4 Be7 15. Rad1 Bd7 16. Bc2 O-O-O 17. Nd6+ Bxd6 18. Rxd6 Kc7 19. Red1 Bc8 20. Rxd8 Rxd8 21. Rxd8 Kxd8 22. Kf1 Ke7 23. Ke2 Kd6 24. Ke3 e5 25. Nd2 Be6 26. Ne4+ Kc7 27. a3 b6 28. g3 f5 29. Nd2 Kd6 30. Bd3 e4 31. Bb5 Ne5 32.
h3 g5 33. f4 gxf4+ 34. Kxf4 Ng6+ 35. Ke3 Ke5 36. Nc4+ Bxc4 37. Bxc4 f4+ 38. gxf4+ Nxf4 39. Bf1 Nd5+ 40. Kd2 Kf4 41. c4 Nc7 42. b4 Ne6 43.
Be2 Nd4 44. Bd1 e3+ 45. Kd3 Nf3 46. c5 Ne5+ 47. Kd4 bxc5+ 48. bxc5 Nf3+ 49. Kd5 Ne5 50. c6 Nxc6 51. Kxc6 Kg3 52. Kd5 Kxh3 53. Ke4 Kg3 54. Kxe3 a5 55. Kd4 1-0

[Event "*** SCC Grand Prix: Titled Tuesday Blitz"]
[Site "Chess.com"]
[Date "2020.07.14"]
[Round "4"]
[White "jacky72"]
[Black "boasovietica"]
[Result "1/2-1/2"]
[WhiteElo "2652"]
[BlackElo "2476"]
[TimeControl "180+1"]
[EndTime "10:39:55 PDT"]
[Termination "Game drawn - insufficient material"]

1. c4 c5 2. g3 Nc6 3. Bg2 g6 4. Nc3 Bg7 5. e3 e5 6. Nge2 Nge7 7. b3 O-O 8. Bb2 d6 9. h4 h6 10. h5 g5 11. Nd5 Nxd5 12. Bxd5 Ne7 13. Bg2 f5 14. d4 cxd4 15. exd4 e4 16. Qd2 d5 17. f3 Be6 18. fxe4 fxe4 19. Bh3 Bxh3 20. Rxh3 dxc4 21. bxc4 Rc8 22. c5 Nd5 23. O-O-O b6 24. Kb1 bxc5 25. Ka1 Rb8 26. Rh2 Rf7 27. Nc1 Rfb7 28. Qe1 e3 29. Nb3 c4 30. Nc5 Rb6 31. Rc2 Qe7 32. Qe2 c3 33. Bxc3 Nxc3 34. Rxc3 Rd8 35. Nb3 Rxb3 36. Qc4+ Kh8 37. axb3 e2 38. Re1 Bxd4 39. Ka2 Bxc3 40. Qxc3+ Qg7 41. Qxg7+ Kxg7 42. Rxe2 Rd3 43. Re7+ Kg8 44. Rxa7 Rxg3 45. Ra6 Kh7 46. b4 Rh3 47. Ra7+ Kg8 48. b5 Rxh5 49. b6 g4 50. b7 Rb5 51.
Ra8+ Kg7 52. b8=Q Rxb8 53. Rxb8 h5 54. Kb2 g3 55. Rb3 h4 56. Rb4 Kf6 57. Rxh4 Kg5 58. Rh8 Kf4 59. Kc2 g2 60. Rg8 Kf3 61. Kd2 Kf2 62.
Rf8+ Kg3 63. Rg8+ Kf2 64. Rf8+ Kg3 65. Ke2 g1=Q 66. Rg8+ Kh2 67. Rh8+ Kg2 68. Rg8+ Kh1 69.
Rh8+ Qh2+ 70. Rxh2+ Kxh2 1/2-1/2

[Event "*** SCC Grand Prix: Titled Tuesday Blitz"]
[Site "Chess.com"]
[Date "2020.07.14"]
[Round "4"]
[White "LiviuDieterNisipeanu"]
[Black "antoszu"]
[Result "0-1"]
[WhiteElo "2696"]
[BlackElo "2531"]
[TimeControl "180+1"]
[EndTime "10:39:56 PDT"]
[Termination "antoszu won by resignation"]

1. d4 Nf6 2. c4 e6 3. Nc3 Bb4 4.
e3 O-O 5. Bd3 d5 6. Nf3 c5 7. O-O Nc6 8. cxd5 exd5 9. dxc5 Bxc5 10. h3 b6 11. Ne2 Bb7 12. b3 Ne4 13. Bb2 Qe7 14. Ned4 Nxd4 15. Nxd4 g6 16. Rc1 Rfe8 17. Qg4 Bc8 18. Qe2 Bd7 19. Bb5 Rac8 20. Bxd7 Qxd7 21.
Qd3 Qe7 22. Rc2 Qg5 23. f4 Qe7 24. Rfc1 Qd7 25. Kh2 Rcd8 26. a3 a5 27. Nf3 Qe6 28.
b4 axb4 29. axb4 Bf8 30. Rc6 Qe7 31. Ne5 f6 32. Ng4 Bg7 33. Rxb6 h5 34. Nf2 Nxf2 35.
Qxg6 Ne4 36. Qxh5 Qf7 37. Qf5 Nd6 38. Qg4 Nc4 39. Rxc4 dxc4 40. Rxf6 Qc7 41. Rg6 c3 42. Bxc3 Qxc3 43. f5 Rf8 44. f6 Qe5+ 0-1

[Event "*** SCC Grand Prix: Titled Tuesday Blitz"]
[Site "Chess.com"]
[Date "2020.07.14"]
[Round "4"]
[White "Chessdemon2019"]
[Black "Mr_Sinigami"]
[Result "1-0"]
[WhiteElo "2367"]
[BlackElo "2566"]
[TimeControl "180+1"]
[EndTime "10:39:56 PDT"]
[Termination "Chessdemon2019 won on time"]

1. e4 c5 2. Nf3 e6 3. Nc3 Nc6 4. Bb5 Nd4 5. Bd3 d6 6. O-O Nf6 7. Nxd4 cxd4 8. Ne2 e5 9. Bc4 Be7 10. d3 O-O 11. f4 Ng4 12. h3 Ne3 13. Bxe3 dxe3 14.
Kh1 Bh4 15. Rf3 Bf2 16. f5 Bd7 17. Nc3 b5 18. Bb3 Bc6 19. Qe2 a5 20. a3 b4 21.
Nd1 a4 22. Bc4 bxa3 23. Rxa3 Rb8 24. Ra2 d5 25. exd5 Bxd5 26. Bxd5 Qxd5 27. Rxa4 Rfc8 28. Nxe3 Bxe3 29. Rxe3 Rxb2 30. Rxe5 Rb1+ 31. Kh2 Qd6 32. Rd4 Qb8 33. g3 Qa8 34. Rde4 Rbb8 35. h4 h6 36. h5 Qa2 37. Re8+ Kh7 38. Rxc8 Rxc8 39. Rc4 Rb8 40. f6 Qa1 41. fxg7 Kg8 42. Qd2 Qf6 43. Rg4 Qf5 44. Qxh6 Qf2+ 45. Kh3 1-0

[Event "*** SCC Grand Prix: Titled Tuesday Blitz"]
[Site "Chess.com"]
[Date "2020.07.14"]
[Round "4"]
[White "StephenDedalus83"]
[Black "coalescenet"]
[Result "1-0"]
[WhiteElo "2802"]
[BlackElo "2340"]
[TimeControl "180+1"]
[EndTime "10:39:56 PDT"]
[Termination "StephenDedalus83 won on time"]

1. e4 c6 2. d4 d5 3. e5 Bf5 4. c3 e6 5. Be3 Bg6 6. Nd2 Ne7 7. f4 Nd7 8. Be2 Nc8 9. Ngf3 Be7 10. O-O O-O 11. g4 f5 12. h3 b5 13. Rf2 Ncb6 14. b3 a5 15. Nf1 a4 16. Ng3 Bh4 17. Kh2 Qe7 18. b4 Bxg3+ 19. Kxg3 fxg4 20. hxg4 h5 21. Nh4 Be4 22. f5 hxg4 23. Bxg4 Nc4 24. Qe2 exf5 25. Nxf5 Bxf5 26. Bxf5 Ndxe5 27. Rh1 Ng6 28. Bxg6 Qd6+ 29. Bf4 Qxg6+ 30. Qg4 Qxg4+ 31. Kxg4 Nd6 32. Rfh2 Ne4 33. Rc1 Rf6 34. Be5 Rg6+ 35. Kf5 Rg5+ 36.
Ke6 Rd8 37. Rch1 Re8+ 38. Kd7 Kf7 39. Rf1+ Nf6+ 40. Kxc6 Rc8+ 41. Kxb5 Rxc3 42. Kxa4 Kg6 43. Kb5 Ra3 44. Bxf6 gxf6 45. Rhf2 f5 46. Kc5 Rgg3 47. Rxf5 Rgc3+ 48. Kxd5 Rxa2 49. Rf8 Kg7 50. R8f4 Rd3 51. Rg4+ 1-0

[Event "*** SCC Grand Prix: Titled Tuesday Blitz"]
[Site "Chess.com"]
[Date "2020.07.14"]
[Round "4"]
[White "LubovMarkelova"]
[Black "PattyCastillo"]
[Result "1/2-1/2"]
[WhiteElo "2176"]
[BlackElo "1938"]
[TimeControl "180+1"]
[EndTime "10:39:56 PDT"]
[Termination "Game drawn by repetition"]

1. Nf3 d5 2. d4 Nf6 3. c4 c6 4. e3 e6 5. b3 Nbd7 6. Bb2 Bd6 7. Bd3 O-O 8. O-O Qe7 9. Ne5 c5 10. Nd2 cxd4 11. exd4 Ba3 12. Bxa3 Qxa3 13. Ndf3 Qd6 14. Re1 b6 15. Nxd7 Bxd7 16. Ne5 Rac8 17. Rc1 Rfd8 18. Bb1 dxc4 19. bxc4 Bc6 20. Nxc6 Rxc6 21. Qf3 Rc7 22. h3 Qb4 23. a3 Qa5 24. d5 exd5 25. cxd5 Rxc1 26.
Rxc1 Qxd5 27. Qxd5 Nxd5 28. Be4 Nf6 29. Bf3 g6 30. Rc7 Rd7 31. Rc8+ Kg7 32. g4 h6 33. Kg2 g5 34. a4 Nd5 35. Bxd5 Rxd5 36. Rc7 Ra5 37. Rc4 a6 38. Rb4 b5 39. axb5 Rxb5 40. Ra4 a5 41. Kg3 Kf6 42. f3 Ke6 43. h4 f6 44. hxg5 hxg5 45. Rc4 Re5 46. Rc6+ Kf7 47. Ra6 Rc5 48. Ra7+ Ke6 49. Ra6+ Ke5 50. Kf2 Rb5 51.
Kg3 Rc5 52. Kf2 Rb5 53. Kg3 Rc5 1/2-1/2

[Event "*** SCC Grand Prix: Titled Tuesday Blitz"]
[Site "Chess.com"]
[Date "2020.07.14"]
[Round "4"]
[White "WIDBIFS"]
[Black "wonderfultime"]
[Result "0-1"]
[WhiteElo "2738"]
[BlackElo "2967"]
[TimeControl "180+1"]
[EndTime "10:39:57 PDT"]
[Termination "wonderfultime won on time"]

1. d4 d5 2. Nf3 Nf6 3. Bf4 e6 4.
e3 Bd6 5. Bg3 c5 6. Nbd2 O-O 7.
c3 Qc7 8. Bd3 Nbd7 9. Qc2 h6 10.
O-O Bxg3 11. hxg3 e5 12. dxe5 Nxe5 13. Nxe5 Qxe5 14. Nf3 Qe7 15. Rad1 Rd8 16. c4 Be6 17. a3 Rac8 18. Rfe1 b6 19. cxd5 Bxd5 20. e4 Be6 21. e5 Ng4 22. Bf5 g6 23. Bxg4 Bxg4 24. Qe4 Bf5 25. Qf4 Kg7 26. g4 Be6 27. g5 hxg5 28. Nxg5 Rh8 29. Rd6 Rh5 30. Nxe6+ fxe6 31. Red1 Rch8 32.
f3 Rh1+ 33. Kf2 Rxd1 34. Rxd1 Rf8 35. Qe4 Rd8 36. Ke2 Rxd1 37. Kxd1 Qd7+ 38. Kc2 b5 39. f4 c4 40. g4 a5 41. a4 b4 42. Qxc4 Qxa4+ 43. Kd2 Qd7+ 44. Ke3 Qa7+ 45. Kf3 Qb7+ 46. Kg3 Qb6 47. Qc8 Qe3+ 48. Kh4 Qxf4 49. Qxe6 Qh2+ 0-1

[Event "*** SCC Grand Prix: Titled Tuesday Blitz"]
[Site "Chess.com"]
[Date "2020.07.14"]
[Round "4"]
[White "arminmusovic"]
[Black "CzechmVIII"]
[Result "1-0"]
[WhiteElo "2560"]
[BlackElo "2203"]
[TimeControl "180+1"]
[EndTime "10:39:57 PDT"]
[Termination "arminmusovic won on time"]

1. a3 g6 2. Nc3 Bg7 3. e4 c5 4. Nf3 Nc6 5. Bc4 Nf6 6. Ba2 O-O 7. O-O d6 8. h3 b6 9. Re1 Bb7 10. d3 Rc8 11. Bf4 Nd7 12. Bg5 h6 13. Bh4 Nd4 14. Rb1 Nxf3+ 15. Qxf3 Ne5 16. Qe2 Nc6 17. Nd5 g5 18. Bg3 Nd4 19. Qd1 e5 20. c3 Ne6 21.
Ne3 Nf4 22. Nf5 Qf6 23. Bxf4 exf4 24. Qh5 Rcd8 25. h4 d5 26. Rbd1 dxe4 27. dxe4 Rxd1 28. Rxd1 Bxe4 29. Nxg7 Kxg7 30. Rd7 Bg6 31. Qe2 f3 32. Qxf3 Qxf3 33. gxf3 gxh4 34. Bd5 Kf6 35. Rxa7 Rd8 36. c4 b5 37. b4 bxc4 38. Bxc4 cxb4 39. axb4 Rb8 40. b5 Ke5 41. Bxf7 Bxf7 42. Rxf7 Rxb5 43.
Kg2 Rb3 44. Rh7 h3+ 45. Kg3 Rb6 46. Kxh3 Rg6 47. Rf7 Ke6 48. Rf8 Ke5 49. f4+ Ke4 50. f5 Rg1 51. Kh4 Rf1 52. Kh5 Rxf2 53. f6 Ke5 54.
Kg6 1-0

[Event "*** SCC Grand Prix: Titled Tuesday Blitz"]
[Site "Chess.com"]
[Date "2020.07.14"]
[Round "4"]
[White "Ati1517"]
[Black "rhinoceros2015"]
[Result "1-0"]
[WhiteElo "2353"]
[BlackElo "2662"]
[TimeControl "180+1"]
[EndTime "10:39:57 PDT"]
[Termination "Ati1517 won on time"]

1. d4 Nf6 2. c4 e6 3. Nc3 Bb4 4. Qc2 Nc6 5. Nf3 d6 6. e4 O-O 7. Bd3 e5 8. dxe5 dxe5 9. O-O Bg4 10. Be2 Bxf3 11. Bxf3 Nd4 12. Qd1 c6 13. g3 Bxc3 14. bxc3 Nxf3+ 15. Qxf3 h6 16. Rd1 Qe7 17. a4 Rfd8 18. Ba3 Qe6 19. Qe2 Rd7 20. Rxd7 Nxd7 21. a5 Nf6 22. Rb1 Qd7 23. Qe3 Qc7 24. Bb4 b6 25.
axb6 axb6 26. c5 b5 27. Rd1 Ne8 28. Qe2 Rd8 29. Ra1 Qd7 30. c4 bxc4 31. Qxc4 Qd4 32. Qxd4 Rxd4 33. Ra8 Kf8 34. Ba5 Rxe4 35. Bc7 Ke7 36.
Bd8+ Kd7 37. Bb6 Rc4 38. Rd8+ Ke7 39. Rc8 Nf6 40. Rxc6 Nd7 41. Rc7 Ke6 42. Ra7 f5 43.
Ra6 Kd5 44. Ra7 Nxc5 45. Rxg7 1-0

[Event "*** SCC Grand Prix: Titled Tuesday Blitz"]
[Site "Chess.com"]
[Date "2020.07.14"]
[Round "4"]
[White "pirulillo"]
[Black "aa175"]
[Result "0-1"]
[WhiteElo "2141"]
[BlackElo "2393"]
[TimeControl "180+1"]
[EndTime "10:39:57 PDT"]
[Termination "aa175 won by checkmate"]

1. e4 c5 2. Nf3 d6 3. d4 cxd4 4. Nxd4 Nf6 5. Nc3 a6 6. Be2 e6 7. O-O b5 8. Bd3 Nbd7 9. f4 Bb7 10. Nf3 b4 11. Ne2 Bxe4 12. Bxe4 Nxe4 13. Kh1 h5 14. c3 h4 15. cxb4 d5 16. a3 a5 17.
b5 Bc5 18. Ned4 Ndf6 19. Be3 Ng4 20. Qd3 Qf6 21. Kg1 h3 22. g3 Qg6 23. Ng5 Nxe3 24. Qxe3 Nxg5 25. fxg5 Qe4 26. Qxe4 dxe4 27. Rfd1 e5 28. Kf1 exd4 29. Rac1 Bb6 30. Rc6 Rb8 31. Re1 e3 32. Ke2 O-O 33. Kd3 Rfc8 34. Rec1 Rxc6 35.
Rxc6 Re8 36. Rxb6 e2 37. Kxd4 e1=Q 38. Kc5 Qe3+ 39. Kc6 Re6+ 40. Kd7 Qxb6 41. Kc8 Re7 42. g6 fxg6 43. a4 Rb7 44. b4 axb4 45. a5 Rc7+ 46. Kd8 Qb7 47. a6 Rd7+ 48. Ke8 Re7+ 49.
Kd8 Rd7+ 50. Ke8 Qc8# 0-1

[Event "*** SCC Grand Prix: Titled Tuesday Blitz"]
[Site "Chess.com"]
[Date "2020.07.14"]
[Round "4"]
[White "bratkoo"]
[Black "Jabberwockiez"]
[Result "1-0"]
[WhiteElo "2467"]
[BlackElo "2290"]
[TimeControl "180+1"]
[EndTime "10:39:58 PDT"]
[Termination "bratkoo won by checkmate"]

1. e4 c5 2. Nf3 d6 3. d4 Nf6 4. Nc3 cxd4 5. Nxd4 Nc6 6. Nb3 e5 7. Bg5 Be7 8. g3 h6 9. Bxf6 Bxf6 10.
Nd5 Bg5 11. h4 Bf6 12. Bh3 Bxh3 13. Rxh3 O-O 14. Kf1 Nd4 15. Nxd4 exd4 16. Kg2 d3 17. c3 Be5 18. Qxd3 f5 19. exf5 Qd7 20. g4 Rae8 21. Rd1 Qc6 22. Rf3 Qa4 23. Ne3 h5 24. Kh3 Bf6 25. Qc4+ Qxc4 26. Nxc4 Re4 27. Ne3 hxg4+ 28.
Nxg4 Be7 29. Rd4 Re2 30. Re3 Rxe3+ 31. Nxe3 b5 32. Nd5 Bd8 33. Kg4 Kh7 34. Re4 Kh6 35. Re6+ Kh7 36. Rxd6 a5 37. Rd7 Re8 38. f6 Re4+ 39. Kf5 Rxh4 40. Rxd8 g6+ 41. Ke6 Re4+ 42. Kf7 Kh6 43. f4 Kh5 44. Rh8+ Kg4 45. Kxg6 Re6 46. Kg7 Rd6 47. f7 Rd7 48. Nf6+ Kf5 49. Nxd7 Ke6 50. f8=Q Kxd7 51. Qf7+ Kc6 52. Rh6+ Kc5 53. Qf5+ Kc4 54. Rc6# 1-0

[Event "*** SCC Grand Prix: Titled Tuesday Blitz"]
[Site "Chess.com"]
[Date "2020.07.14"]
[Round "4"]
[White "alexrustemov"]
[Black "FlamingPhoenix123"]
[Result "0-1"]
[WhiteElo "2692"]
[BlackElo "2430"]
[TimeControl "180+1"]
[EndTime "10:39:59 PDT"]
[Termination "FlamingPhoenix123 won by checkmate"]

1. d4 Nf6 2. c4 e6 3. Nf3 Bb4+ 4. Bd2 c5 5. Bxb4 cxb4 6. g3 O-O 7. Bg2 d6 8. O-O a5 9. a3 Na6 10. Nbd2 Qc7 11.
e3 b6 12. Ne1 Bb7 13. Nd3 Bxg2 14. Kxg2 b5 15. Rc1 bxa3 16. bxa3 b4 17. axb4 Nxb4 18.
Nxb4 axb4 19. Qb3 Qb7+ 20. Kg1 Ra3 21. Qb2 Rfa8 22. Rc2 Ne4 23. Nxe4 Qxe4 24. c5 Ra2 25. Qxa2 Rxa2 26. Rxa2 dxc5 27. dxc5 h5 28. h4 Qc4 29. Rb2 Qxc5 30. Rfb1 Qf5 31. Rxb4 Kh7 32. Rc1 g5 33. hxg5 Qxg5 34. Rf4 Kg6 35. Rc7 f5 36. Rc6 Qf6 37. Rd4 Kg5 38. Kg2 Qe5 39. Rdd6 Qe4+ 40. Kg1 Qb1+ 41.
Kh2 Qf1 42. Rd2 Kg4 43. Rd4+ Kg5 44. Rc2 e5 45. Rdd2 Kg4 46. Re2 Kf3 47. Red2 Qg2# 0-1

[Event "*** SCC Grand Prix: Titled Tuesday Blitz"]
[Site "Chess.com"]
[Date "2020.07.14"]
[Round "4"]
[White "sergivila"]
[Black "TheNextLevelFan"]
[Result "0-1"]
[WhiteElo "2358"]
[BlackElo "2540"]
[TimeControl "180+1"]
[EndTime "10:39:59 PDT"]
[Termination "TheNextLevelFan won by resignation"]

1. e4 e5 2. Nf3 Nc6 3. d4 exd4 4. Nxd4 Bb4+ 5. c3 Bc5 6. Be3 Bb6 7. Nf5 Bxe3 8. Nxe3 d6 9. c4 Nge7 10. Nc3 O-O 11. Be2 f5 12. exf5 Nxf5 13. Nxf5 Bxf5 14.
O-O Kh8 15. Qd2 Ne5 16. Nd5 Rf7 17. Rad1 Qh4 18. b3 Raf8 19. Ne3 Be4 20. f3 Bc6 21. Nd5 Ng6 22. g3 Qh3 23. Rf2 h6 24. f4 Qd7 25.
Qd3 Ne7 26. Bf3 Nxd5 27. Bxd5 Re7 28. Bxc6 Qxc6 29. Re2 Qc5+ 30. Kf1 Rfe8 31. Rde1 Rxe2 32. Rxe2 Rxe2 33. Qxe2 Qd4 34. Kg2 c6 35. Kf3 d5 36.
cxd5 Qxd5+ 37. Kf2 a5 38. g4 b5 39. Qc2 c5 40. f5 c4 41. bxc4 bxc4 42. Qe2 Kh7 43. Qc2 Kg8 44. Qe2 Kf7 45. Qe3 Kf6 46. h4 Kf7 47. Qa7+ Kf6 48. Qb6+ Ke5 49. Qe3+ Kf6 50. Qb6+ Ke5 51. Qe3+ Qe4 52. Qc5+ Kf4 53. Qd6+ Kxg4 54. Qg6+ Kxh4 55. Qxg7 Qxf5+ 56. Ke3 Qg5+ 0-1

[Event "*** SCC Grand Prix: Titled Tuesday Blitz"]
[Site "Chess.com"]
[Date "2020.07.14"]
[Round "4"]
[White "Matols"]
[Black "El_ultimo_Pablo"]
[Result "1-0"]
[WhiteElo "2225"]
[BlackElo "2387"]
[TimeControl "180+1"]
[EndTime "10:39:59 PDT"]
[Termination "Matols won by resignation"]

1. d4 Nf6 2. c4 g6 3. g3 Bg7 4. Bg2 d6 5. Nc3 O-O 6. Nf3 c6 7. O-O Qa5 8. h3 Qh5 9. g4 Qa5 10. Bf4 Nbd7 11. Bg3 e5 12. e3 Re8 13. Re1 Qc7 14. Qc2 h5 15. g5 Nh7 16. Rad1 b6 17.
Ne4 Bf8 18. h4 a5 19. dxe5 Nxe5 20. Nxe5 dxe5 21. c5 bxc5 22. Nxc5 Rb8 23. b3 Qb6 24. Nd7 Bxd7 25. Rxd7 a4 26. bxa4 c5 27. Qc4 Re7 28.
Red1 Rbe8 29. Bxe5 Qb4 30. Qxb4 cxb4 31. Bb2 Rc8 32.
a5 Rc2 33. R7d2 Rc5 34. Rd5 Rc2 35. R1d2 Rxd2 36. Rxd2 Ra7 37. Rd5 Be7 38. Bd4 Ra6 39. Bf1 Ra8 40. a6 Nf8 41. a7 Ne6 42. Rd7 Bd8 43.
Bg2 Nf8 44. Bxa8 Nxd7 45. Bc6 Nb6 46. Bxb6 Bxb6 47. a8=Q+ Kg7 48. Qe8 b3 49. Bd5 1-0